 Dungeon Sprint DCSS version 0.29.1-15-g9cfb28693d (webtiles) character file.

Game seed: 2907330529183410470

380 Groucho the Covert (level 6, -7/28 HPs)
             Began as a Spriggan Earth Elementalist on Apr 29, 2023.
             Was an Elder of Vehumet.
             Mangled by an orc warrior
             ... wielding a +0 glaive
              (19 damage)
             ... in the Dungeon (Sprint VII: "The Pits").
             The game lasted 00:03:28 (1302 turns).

Groucho the Covert (Spriggan Earth Elementalist)    Turns: 1302, Time: 00:03:29

Health: -7/28      AC:  2    Str:  6    XL:     6   Next: 46%
Magic:  13/17      EV: 22    Int: 16    God:    Vehumet [****..]
Gold:   0          SH:  0    Dex: 16    Spells: 15/20 levels left

rFire   . . .      SeeInvis +   h - +2 dagger
rCold   . . .      Faith    .   (no shield)
rNeg    . . .      Spirit   .   a - +0 robe
rPois   .          Reflect  .   (helmet restricted)
rElec   .          Harm     .   (no cloak)
rCorr   .          Rampage  .   (gloves unavailable)
Will    +....      NoTele   +   (boots unavailable)
Stlth   ++++......              (no amulet)
HPRegen 0.09/turn               (no ring)
MPRegen 0.15/turn               (no ring)

@: weakened, very quick
A: very small, no large weapons, unfitting armour, see invisible, speed 3
a: Renounce Religion


You were in the Dungeon.
You worshipped Vehumet.
Vehumet was greatly pleased with you.
You visited 1 branch

Inventory:

Hand Weapons
 h - a +2 dagger (weapon)
Missiles
 j - 10 stones
Armour
 a - a +0 robe (worn)
Scrolls
 k - 5 scrolls of amnesia
 l - a scroll of summoning
Potions
 b - 4 potions of magic
 c - 6 potions of curing
 d - 5 potions of heal wounds
 e - a potion of haste
 f - 3 potions of berserk rage
 i - 2 potions of invisibility


   Skills:
 + Level 4.1 Short Blades
 + Level 8.3 Dodging
 + Level 10.0 Stealth
 + Level 7.7 Spellcasting
 + Level 2.8 Conjurations
 - Level 1.3 Transmutations
 + Level 2.8 Fire Magic
 + Level 6.2 Earth Magic


You had 15 spell levels left.
You knew the following spells:

 Your Spells              Type           Power      Damage    Failure   Level
a - Sandblast             Erth           52%        2d12      1%          1
b - Stone Arrow           Conj/Erth      40%        3d9       1%          3
c - Foxfire               Conj/Fire      60%        2x1d7     1%          1

Your spell library contained the following spells:

 Spells                   Type           Power      Damage    Failure   Level
 Poisonous Vapours        Pois/Air       12%        N/A       4%          2
 Passwall                 Tmut/Erth      15%        N/A       3%          2
 Petrify                  Tmut/Erth      18%        N/A       24%         4


Dungeon Overview and Level Annotations

Branches:
Dungeon (1/1)

Altars:
Ashenzari
Cheibriados
Dithmenos
Elyvilon
Fedhas
Gozag
Hepliaklqana
Kikubaaqudgha
Makhleb
Nemelex Xobeh
Okawaru
Qazlal
Ru
Sif Muna
Trog
Uskayaw
Vehumet
Wu Jian
Xom
Yredelemnul
Zin
The Shining One
Jiyva
Lugonu


Innate Abilities, Weirdness & Mutations

You are very small and have problems with some larger weapons.
You are too small for most types of armour.
You have supernaturally acute eyesight. (SInv)
You cover ground extremely quickly. (Speed+++)


Message History

Casting: Sandblast (safe; 1% risk of failure)
Confirm with . or Enter, or press ? or * to list all spells.
Aiming: Sandblast (safe; 1% risk of failure)
Press: ? - help, Shift-Dir - straight line, f/p - orc warrior
Aim: an orc warrior, wielding a +0 glaive and wearing a +0 plate armour (moderately wounded, 83% to hit)
The blast of sand misses the orc warrior.
Unknown command.
Unknown command.
The gnoll bouda gazes fiercely through you!
You feel as though you will be weak longer.
Casting: Sandblast (safe; 1% risk of failure)
Confirm with . or Enter, or press ? or * to list all spells.
Aiming: Sandblast (safe; 1% risk of failure)
Press: ? - help, Shift-Dir - straight line, f/p - orc warrior
Aim: an orc warrior, wielding a +0 glaive and wearing a +0 plate armour (moderately wounded, 83% to hit)
The blast of sand hits the orc warrior but does no damage.
The orc warrior is moderately wounded.
Casting: Sandblast (safe; 1% risk of failure)
Confirm with . or Enter, or press ? or * to list all spells.
Aiming: Sandblast (safe; 1% risk of failure)
Press: ? - help, Shift-Dir - straight line, f/p - orc warrior
Aim: an orc warrior, wielding a +0 glaive and wearing a +0 plate armour (moderately wounded, 83% to hit)
The blast of sand hits the orc warrior but does no damage.
The orc warrior is moderately wounded.
The gnoll bouda gazes fiercely through you!
You feel as though you will be weak longer.
Unknown command.
Unknown command.
Casting: Sandblast (safe; 1% risk of failure)
Confirm with . or Enter, or press ? or * to list all spells.
Aiming: Sandblast (safe; 1% risk of failure)
Press: ? - help, Shift-Dir - straight line, f/p - orc warrior
Aim: an orc warrior, wielding a +0 glaive and wearing a +0 plate armour (moderately wounded, 83% to hit)
The blast of sand misses the orc warrior.
Casting: Sandblast (safe; 1% risk of failure)
Confirm with . or Enter, or press ? or * to list all spells.
You conjure some foxfire!
The orc warrior hits you from afar with a +0 glaive!!
Ouch! That really hurt!
You die...

# # #
###########++######
##................#
##......#..#......#
##................+
)'..........g.o.@v+
##......#..#.....v#
##................#
#####'#####++######
##.......#
##.......#
##.......#
##...<...#
##.......#


You could see an orc warrior (ally target) and a gnoll bouda.

Vanquished Creatures
  A floating eye (D)
  A centaur (D)
  A kobold brigand (D)
  A quasit (D)
  An orc wizard (D)
  6 gnolls (D)
  An adder (D)
  2 orcs (D)
  A ball python (D)
  A goblin (D)
  A kobold (D)
17 creatures vanquished.

Vanquished Creatures (others)
  8 foxfires (D)
8 creatures vanquished.

Grand Total: 25 creatures vanquished

Notes
Turn   | Place    | Note
-------+----------+-------------------------------------------
     0 | D        | Groucho the Spriggan Earth Elementalist began the quest for
                  | the Orb.
     0 | D        | Reached XP level 1. HP: 9/9 MP: 5/5
    36 | D        | Found a bloodstained altar of Trog.
    36 | D        | Found a shimmering blue altar of Sif Muna.
    36 | D        | Found a viscous altar of Jiyva.
    36 | D        | Found a hazy altar of Hepliaklqana.
    36 | D        | Found an opulent altar of Gozag.
    37 | D        | Found a glowing golden altar of the Shining One.
    37 | D        | Found a glowing silver altar of Zin.
    37 | D        | Found a basalt altar of Yredelemnul.
    37 | D        | Found a shimmering altar of Xom.
    37 | D        | Found an ornate altar of the Wu Jian Council.
    37 | D        | Found a sacrificial altar of Ru.
    37 | D        | Found a stormy altar of Qazlal.
    37 | D        | Found an iron altar of Okawaru.
    37 | D        | Found a sparkling altar of Nemelex Xobeh.
    37 | D        | Found a burning altar of Makhleb.
    37 | D        | Found a blossoming altar of Fedhas.
    37 | D        | Found a white marble altar of Elyvilon.
    37 | D        | Found a shadowy altar of Dithmenos.
    37 | D        | Found a snail-covered altar of Cheibriados.
    39 | D        | Found a corrupted altar of Lugonu.
    39 | D        | Found a radiant altar of Vehumet.
    40 | D        | Found an ancient bone altar of Kikubaaqudgha.
    40 | D        | Found a hide-covered altar of Uskayaw.
    40 | D        | Found a broken altar of Ashenzari.
    48 | D        | Became a worshipper of Vehumet
    61 | D        | Noticed a floating eye
    66 | D        | Killed a floating eye
    67 | D        | Reached skill level 7 in Stealth
    67 | D        | Reached skill level 5 in Spellcasting
    67 | D        | Reached XP level 2. HP: 13/13 MP: 2/9
    67 | D        | Reached XP level 3. HP: 16/16 MP: 2/11
    67 | D        | Reached XP level 4. HP: 21/21 MP: 2/12
    71 | D        | Learned a level 3 spell: Stone Arrow
   731 | D        | Reached * piety under Vehumet
   731 | D        | Offered knowledge of Foxfire by Vehumet.
   765 | D        | Reached skill level 1 in Short Blades
   765 | D        | Reached skill level 5 in Earth Magic
   767 | D        | Learned a level 1 spell: Foxfire
  1115 | D        | Noticed a kobold brigand
  1118 | D        | Offered knowledge of Poisonous Vapours by Vehumet.
  1118 | D        | Reached ** piety under Vehumet
  1119 | D        | Reached skill level 8 in Stealth
  1124 | D        | Killed a kobold brigand
  1125 | D        | Reached skill level 1 in Conjurations
  1125 | D        | Reached skill level 1 in Fire Magic
  1125 | D        | Reached XP level 5. HP: 20/24 MP: 8/15
  1167 | D        | Noticed an orc warrior
  1168 | D        | Noticed a centaur
  1168 | D        | Noticed a water moccasin
  1183 | D        | Reached *** piety under Vehumet
  1185 | D        | Killed a centaur
  1186 | D        | Reached skill level 9 in Stealth
  1186 | D        | Reached XP level 6. HP: 16/28 MP: 7/17
  1224 | D        | Reached **** piety under Vehumet
  1279 | D        | Reached skill level 10 in Stealth
  1302 | D        | Mangled by an orc warrior

Illustrated notes

Levels and vault maps discovered:
D:        pitsprint [storerooms_1, entrance_room_1, metal_vault_1, armoury_3,
          mini_pit_1, grid_room_1, main_hall_1, silver_pit, the_coven_3,
          the_vestibule_1, steel_vault_1, golden_pit, hallway_of_sentries,
          crystal_vault_4, iron_vault_3, final_vault]

Skill      XL: |  1  2  3  4  5  6 |
---------------+-------------------+-----
Dodging        | 6 7 8 |  8.3
Spellcasting   | 5 6 7 |  7.7
Stealth        | 7 8 9 10 | 10.0
Earth Magic    | 4 5 6 |  6.2
Short Blades   | 2 3 4 |  4.1
Conjurations   | 1 2 |  2.8
Fire Magic     | 1 2 |  2.8
Transmutations | |  1.3

Action                   |  1- 3 |  4- 6 || total
-------------------------+-------+-------++-------
 Cast: Sandblast         |     4 |    48 ||    52
       Foxfire           |       |     5 ||     5
  Use: Potion            |       |     2 ||     2
       Scroll            |       |     1 ||     1
Armor: Robe              |       |     4 ||     4
Dodge: Dodged            |       |    42 ||    42
